 Dungeon Crawl Stone Soup version 0.31-a0-358-gac0dbeb3ab (webtiles) character file.

Game seed: 16430928878173636406

36 garrulousMonolith the Changeling (level 3, -1/23 HPs)
             Began as an Octopode Shapeshifter on July 25, 2023.
             Slain by Sigmund
             ... wielding a +0 scythe
              (6 damage)
             ... on level 2 of the Dungeon.
             The game lasted 00:01:02 (1232 turns).

garrulousMonolith the Changeling (OpSh)             Turns: 1232, Time: 00:01:02

Health: -1/23      AC:  1    Str: 20    XL:     3   Next: 37%
Magic:  3/3        EV: 13    Int: 10    God:
Gold:   51         SH:  0    Dex: 14    Spells: 2/2 levels left

rFire   . .          .
                       - Unarmed
rCold   . . .        (no shield)
rNeg    . . .        (helmet currently unavailable)
rPois   .            (no amulet)
rElec   .            d - +6 ring of strength
rCorr   .            (no ring)
SInv    .            (no ring)
Will    .....        (no ring)
Stlth   ++           (no ring)
HPRegen 0.23/turn    (no ring)
MPRegen 0.08/turn    (no ring)
                     (no ring)

%: no passive effects
@: confused, mighty, brilliant, beast-form
A: beast (slay +2), almost no armour, amphibious, 8 rings, camouflage 1,
gelatinous body 1, (nimble swimmer 1), tentacles
a: Begin Untransformation


You were on level 2 of the Dungeon.
You were a hulking beast.
You visited 1 branch of the dungeon, and saw 2 of its levels.

You collected 51 gold pieces.

Inventory:

Jewellery
 d - a +6 ring of strength (left tentacle)
Talismans
 b - a beast talisman
Scrolls
 e - 2 scrolls of identify {unknown}
 g - a scroll of poison {unknown}
 h - a scroll of teleportation {unknown}
 i - a scroll of blinking {unknown}
Potions
 a - a potion of lignification


   Skills:
 + Level 1.4 Fighting
 + Level 2.2 Dodging
 + Level 1.3 Stealth
 + Level 3.2 Unarmed Combat
 * Level 3.3 Shapeshifting


You had 2 spell levels left.
You didn't know any spells.
Your spell library contained the following spells:

 Spells                   Type           Power      Damage    Failure   Level
 Vhi's Electric Charge    Tloc/Air       0%         N/A       75%         3
 Arcjolt                  Conj/Air       0%         1d10      100%        5
 Maxwell's Capacitive Co  Air            0%         ∞         100%        8


Dungeon Overview and Level Annotations

Branches:
Dungeon (2/15)

Altars:

Annotations:
D:2 Sigmund


Innate Abilities, Weirdness & Mutations

You are a hulking beast.
Your limbs bulge with bestial killing power. (Slay +2)
You cannot wear most types of armour.
You are amphibious.
You can wear up to eight rings at the same time.
Your skin changes colour to match your surroundings (Stealth+).
Your rubbery body absorbs attacks. (AC +1, EV +1)
((You are camouflaged when in or above water. (Stealth+)))
You have tentacles for arms and can constrict up to eight enemies at once.


Message History

There is an open door here.
You open the door.
A giant cockroach comes into view.
Found a stone staircase leading down.
A kobold comes into view. It is wielding a +0 club.
There is an open door here.
There are monsters nearby!
Sigmund the Dreaded comes into view.
He is wielding a +0 scythe and carrying a wand of flame.
Found a scroll labelled DYTSUTH TISUPN.
Sigmund shouts!
Sigmund zaps a wand.
The puff of flame misses you.
You tentacle-slap the giant cockroach.
You kill the giant cockroach!
Sigmund casts a spell at you.
You are confused.
You are too confused!
You are too confused!
You are too confused!
You are too confused!
You are too confused!
You are too confused!
You are too confused!
You are too confused!
You are too confused!
You are too confused!
You are too confused!
You are too confused!
You are too confused!
You are too confused!
You are too confused!
Sigmund attacks as you move away! Sigmund barely misses you.
Sigmund zaps a wand.
The puff of flame hits you! Sigmund hits you with a +0 scythe!
* * * LOW HITPOINT WARNING * * *
It was a potion of might.
You feel very mighty all of a sudden.
It was a potion of brilliance.
You feel clever all of a sudden. Sigmund hits you with a +0 scythe.
You die...

.....K..#.#..##'####..#.#.
........#.#..#.....#..#...
........#.#..#..........##
........+.#..#.......##.#
#......###..'....#.##..#
#......'....#...##.#).##
#......######(.##....##
#...........#.....####
+.....>.h...#######
#.......@...#
#...........#
#...........#
#...........#
#...?.......#
#...........#
#...........#


You could see Sigmund.

Vanquished Creatures
  A dart slug (D:1)
  2 endoplasms (D:1)
  2 giant cockroaches
  6 goblins
  A hobgoblin (D:1)
  2 jackals (D:1)
  3 kobolds
  3 quokkas (D:1)
  A ball python (D:1)
  2 bats (D:1)
  2 frilled lizards (D:1)
  6 rats
31 creatures vanquished.

Notes
Turn   | Place    | Note
-------+----------+-------------------------------------------
     0 | D:1      | garrulousMonolith the Octopode Shapeshifter began the quest
                  | for the Orb.
     0 | D:1      | Reached XP level 1. HP: 13/13 MP: 1/1
   381 | D:1      | Reached XP level 2. HP: 17/18 MP: 2/2
   432 | D:1      | Reached skill level 1 in Stealth
   603 | D:1      | Reached XP level 3. HP: 23/23 MP: 3/3
   905 | D:1      | Found a faded altar of an unknown god.
  1225 | D:2      | Noticed Sigmund
  1232 | D:2      | Slain by Sigmund

Illustrated notes

Levels and vault maps discovered:
D:1:      lightli_arrival_farm, layout_basic,
          shapermc_ecumenical_altar_hornbeckon, hangedman_decor_lopped,
          serial_bayou_crossing
D:2:      layout_basic, minmay_pentomino_w2, uniq_sigmund

Skill      XL: |  1  2 |
---------------+-------+-----
Stealth        | 1 |  1.3
Fighting       | |  1.4
Dodging        | |  2.2
Unarmed Combat | |  3.2
Shapeshifting  | |  3.3

Action                     || total
---------------------------++-------
  Melee: Unarmed           ||    49
         Constrict         ||    12
         Tentacles         ||     3
    Use: Potion            ||     2
   Stab: Sleeping          ||     4
 Armour: Skin              ||     4
  Dodge: Dodged            ||    22

Table legend: (Time is in decaauts)
 A = Elapsed time spent in this place.
 B = Non-inter-level travel time spent in this place.
 C = Inter-level travel time spent in this place.
 D = Time resting spent in this place.
 E = Time spent auto-exploring this place.
 F = Levels seen in this place.
 G = Mean time per level.
                   A        B        C        D        E       F      G
               +--------+--------+--------+--------+--------+-----+--------+
         Total |   1228 |   1154 |     74 |    136 |    847 |   2 |  614.0 |
       Dungeon |   1228 |   1154 |     74 |    136 |    847 |   2 |  614.0 |
               +--------+--------+--------+--------+--------+-----+--------+

Top non-repeatable levels by time:
     D:1: 1063 daAuts
     D:2: 164 daAuts
